[Event "Early-Titled-Tuesday-Blitz-May-07-2024"]
[Site "Chess.com"]
[Date "2024.05.07"]
[Round "6"]
[White "Szparu"]
[Black "Suleyman_Chess06"]
[Result "0-1"]
[WhiteElo "2934"]
[BlackElo "2804"]
[TimeControl "180+1"]
[EndTime "9:07:56 PDT"]
[Termination "Suleyman_Chess06 won by resignation"]

1. e4 e6 2. d4 d5 3. e5 c5 4. c3 Nc6 5. Nf3 Qb6 6. a3 c4 7. Nbd2 Na5 8. Rb1 Bd7 9. Be2 Ne7 10. b4 cxb3 11. Nxb3 Nxb3 12. Rxb3 Qc7 13. Bd2 Nc6 14. c4 dxc4 15. Bxc4 Na5 16. Bxa5 Qxa5+ 17. Qd2 Qc7 18. Rc3 Rc8 19. a4 Bb4 0-1

[Event "Early-Titled-Tuesday-Blitz-May-07-2024"]
[Site "Chess.com"]
[Date "2024.05.07"]
[Round "6"]
[White "Rosh1610"]
[Black "SharapovEvgeny"]
[Result "1/2-1/2"]
[WhiteElo "2495"]
[BlackElo "2632"]
[TimeControl "180+1"]
[EndTime "9:07:57 PDT"]
[Termination "Game drawn by repetition"]

1. e4 c5 2. Nc3 Nc6 3. f4 g6 4. Nf3 Bg7 5. a4 e6 6. e5 d6 7.
Bb5 Ne7 8. Ne4 dxe5 9. fxe5 O-O 10. Nf6+ Kh8 11. d4 cxd4 12. Bg5 Qa5+ 13. Kf2 Nd5 14. Bxc6 bxc6 15. h4 d3 16. h5 Bxf6 17. exf6 Qc5+ 18.
Kg3 Qd6+ 19. Kf2 Qc5+ 20. Kg3 Qd6+ 21. Kf2 Qc5+ 1/2-1/2

[Event "Early-Titled-Tuesday-Blitz-May-07-2024"]
[Site "Chess.com"]
[Date "2024.05.07"]
[Round "6"]
[White "Kunalm64"]
[Black "BeReal24"]
[Result "1-0"]
[WhiteElo "2634"]
[BlackElo "2486"]
[TimeControl "180+1"]
[EndTime "9:08:12 PDT"]
[Termination "Kunalm64 won by resignation"]

1. e4 c5 2. Nf3 d6 3. Bb5+ Nd7 4.
d4 cxd4 5. Qxd4 a6 6. Bxd7+ Bxd7 7. c4 e5 8. Qd3 h6 9. Nc3 Nf6 10. O-O Be7 11. b3 O-O 12. a4 Rc8 13. Ba3 Qb6 14.
Nd5 Nxd5 15. Qxd5 Qxb3 16. Rfb1 Qxc4 17. Rxb7 Rfd8 18. Nxe5 dxe5 19. Qxc4 Rxc4 20. Bxe7 Bc6 21. Bxd8 Bxb7 22. f3 Rxa4 23. Rxa4 1-0

[Event "Early-Titled-Tuesday-Blitz-May-07-2024"]
[Site "Chess.com"]
[Date "2024.05.07"]
[Round "6"]
[White "scarabee43"]
[Black "2Coaches1Profile"]
[Result "1-0"]
[WhiteElo "2821"]
[BlackElo "2575"]
[TimeControl "180+1"]
[EndTime "9:08:19 PDT"]
[Termination "scarabee43 won by resignation"]

1. Nf3 g5 2. Nxg5 e5 3. d3 Be7 4.
Nf3 Nc6 5. c4 Nf6 6. Nc3 d5 7.
cxd5 Nxd5 8. Bd2 Rg8 9. g3 Be6 10. Bg2 Qd7 11. a3 O-O-O 12. b4 Bh3 13. O-O Nxc3 14.
Bxc3 Bxg2 15. Kxg2 h5 16. b5 Nd4 17. Bxd4 exd4 18.
Qa4 Kb8 19. Rfc1 h4 20. Rc4 hxg3 21. fxg3 Bf6 22. Rac1 Qe6 23. R1c2 Rd7 24. Nxd4 Qd5+ 25. Nf3 Rh8 26. Rf4 Qe6 27. Qe4 Qh3+ 28. Kg1 Bd8 29. Qf5 Qxf5 30. Rxf5 Kc8 31. Kg2 Rh6 32. Ne5 Rd5 33.
Nxf7 Rxh2+ 34. Kxh2 Rxf5 35. Nd6+ Kd7 36. Nxf5 1-0

[Event "Early-Titled-Tuesday-Blitz-May-07-2024"]
[Site "Chess.com"]
[Date "2024.05.07"]
[Round "6"]
[White "MateusViageiro"]
[Black "OppieZippy"]
[Result "0-1"]
[WhiteElo "2180"]
[BlackElo "2362"]
[TimeControl "180+1"]
[EndTime "9:08:20 PDT"]
[Termination "OppieZippy won by resignation"]

1. e4 Nf6 2. e5 Nd5 3. d4 d6 4. f4 dxe5 5. fxe5 c5 6. dxc5 Qa5+ 7. c3 Qxc5 8. Nf3 Ne3 9. Qe2 Nxf1 10. Rxf1 Nc6 11.
Be3 Qd5 12. Bf4 Bf5 13. Nbd2 Bd3 14. Qe3 Bxf1 15. Kxf1 O-O-O 16. Kg1 f6 17. a4 Qd3 18. Qe1 g5 19. Be3 g4 20. Nd4 Nxe5 21. a5 a6 22. Bf4 Ng6 23. Bg3 e5 24. N4b3 Bc5+ 25. Kh1 Be3 26. Nf1 Bf4 27. Nc5 Qd5 28. Ne4 f5 29. Nf6 Qc6 30. Nh5 Bxg3 31. Nfxg3 f4 32. Nf5 f3 33.
gxf3 Qxf3+ 34. Kg1 Qxf5 0-1

[Event "Early-Titled-Tuesday-Blitz-May-07-2024"]
[Site "Chess.com"]
[Date "2024.05.07"]
[Round "6"]
[White "Pedrada88"]
[Black "CruzWilliam"]
[Result "1-0"]
[WhiteElo "2556"]
[BlackElo "2402"]
[TimeControl "180+1"]
[EndTime "9:08:25 PDT"]
[Termination "Pedrada88 won by resignation"]

1. d4 Nf6 2. Nf3 g6 3. Bf4 Bg7 4. e3 O-O 5. h3 d6 6. Nbd2 Nbd7 7. Be2 b6 8. O-O Bb7 9. c3 Qe8 10. Bh2 e5 11. a4 a6 12. a5 b5 13. c4 bxc4 14. Nxc4 Ne4 15. Qa4 Qe7 16. dxe5 Nxe5 17. Ncxe5 dxe5 18. Rfc1 Ng5 19. Nxg5 Qxg5 20. Qg4 Qe7 21.
Qc4 Qg5 22. Bg3 Rfc8 23. Bg4 Re8 24. h4 Bd5 25. hxg5 Bxc4 26. Rxc4 Re7 27. Rac1 Rc8 1-0

[Event "Early-Titled-Tuesday-Blitz-May-07-2024"]
[Site "Chess.com"]
[Date "2024.05.07"]
[Round "6"]
[White "DarZay"]
[Black "Djager97"]
[Result "1-0"]
[WhiteElo "2343"]
[BlackElo "2544"]
[TimeControl "180+1"]
[EndTime "9:08:30 PDT"]
[Termination "DarZay won on time"]

1. e4 e6 2. d4 d5 3. e5 c5 4. c3 Qb6 5. Nf3 Nc6 6. a3 Nh6 7. Bd3 cxd4 8. cxd4 Nf5 9. Bxf5 exf5 10. Nc3 Be6 11.
O-O Be7 12. b4 Rc8 13. Na4 Qd8 14. Nc5 b6 15. Nd3 g5 16. Bb2 f4 17. Nd2 Bf5 18. Nb3 1-0

[Event "Early-Titled-Tuesday-Blitz-May-07-2024"]
[Site "Chess.com"]
[Date "2024.05.07"]
[Round "6"]
[White "Kostukov_Alex"]
[Black "chess_blitz00"]
[Result "0-1"]
[WhiteElo "2367"]
[BlackElo "2540"]
[TimeControl "180+1"]
[EndTime "9:08:34 PDT"]
[Termination "chess_blitz00 won by resignation"]

1. g3 d6 2. Bg2 Nf6 3. d3 Nbd7 4.
e4 g6 5. Qe2 Bg7 6. f4 O-O 7.
Nf3 c5 8. O-O e6 9. c4 d5 10.
cxd5 exd5 11. e5 Ne8 12. e6 fxe6 13. Qxe6+ Kh8 14. Qxd5 Nef6 15. Qb3 Nb6 16. Ng5 Qd4+ 17. Kh1 Bf5 18. Nf7+ Rxf7 19. Qxf7 Bxd3 20. Re1 Rf8 21. Qxb7 Ng4 22. h3 Qf2 23. Re7 Qxg3 24. hxg4 Qh4+ 0-1

[Event "Early-Titled-Tuesday-Blitz-May-07-2024"]
[Site "Chess.com"]
[Date "2024.05.07"]
[Round "6"]
[White "Firouzja2003"]
[Black "WhiteKnight2612"]
[Result "1-0"]
[WhiteElo "3198"]
[BlackElo "2840"]
[TimeControl "180+1"]
[EndTime "9:08:37 PDT"]
[Termination "Firouzja2003 won by resignation"]

1. e4 e5 2. Nf3 Nc6 3. Bb5 a6 4. Ba4 Nf6 5. O-O Be7 6. Re1 b5 7.
Bb3 O-O 8. a4 Bb7 9. d3 d6 10.
Bd2 b4 11. h3 a5 12. Be3 Nb8 13. Nbd2 Nbd7 14. Nf1 d5 15. exd5 Bxd5 16. N1d2 Bxb3 17.
Nxb3 Nd5 18. Nfd2 f5 19. Nc4 f4 20. Qf3 Nxe3 21. fxe3 Nc5 22. Nbxa5 Bh4 23. Nc6 Qg5 24. exf4 Rxf4 25. Ne7+ Qxe7 26. Qxa8+ Rf8 27. Qd5+ Kh8 28. Rxe5 Qf6 29. Re2 Bf2+ 30. Kh1 Bg3 31. Qxc5 1-0

[Event "Early-Titled-Tuesday-Blitz-May-07-2024"]
[Site "Chess.com"]
[Date "2024.05.07"]
[Round "6"]
[White "Kyrko_Gamba"]
[Black "NovakCabarkapa"]
[Result "0-1"]
[WhiteElo "2501"]
[BlackElo "2752"]
[TimeControl "180+1"]
[EndTime "9:08:45 PDT"]
[Termination "NovakCabarkapa won by checkmate"]

1. c4 g6 2. Nc3 Bg7 3. d4 d6 4. g3 Nf6 5. Bg2 O-O 6. Nf3 Nbd7 7.
O-O e5 8. dxe5 dxe5 9. Be3 c6 10.
h3 Qe7 11. Qc1 Nc5 12. Nd2 a5 13. Rd1 a4 14. Nde4 Nfxe4 15. Nxe4 Nxe4 16. Bxe4 f5 17. Bg2 f4 18. Bd2 fxg3 19. fxg3 e4 20. Bc3 Qc5+ 21. Kh2 Rf2 22. Bxg7 Bxh3 23. Qh6 Rxg2+ 24. Kxh3 Qf2 25.
Qg5 Rh2+ 26. Kg4 h5+ 27. Qxh5 gxh5+ 28. Kg5 Qxg3+ 29. Kh6 Qxg7# 0-1

[Event "Early-Titled-Tuesday-Blitz-May-07-2024"]
[Site "Chess.com"]
[Date "2024.05.07"]
[Round "6"]
[White "GMBenjaminBok"]
[Black "youngKID"]
[Result "1-0"]
[WhiteElo "3053"]
[BlackElo "2835"]
[TimeControl "180+1"]
[EndTime "9:08:50 PDT"]
[Termination "GMBenjaminBok won by resignation"]

1. d4 Nf6 2. c4 e6 3. Nc3 Bb4 4. Qc2 Nc6 5. Nf3 O-O 6. Bd2 d6 7. a3 Bxc3 8. Bxc3 Qe7 9. e4 e5 10. d5 Nb8 11. Be2 a5 12. O-O a4 13. c5 Nbd7 14. cxd6 cxd6 15. Bb4 Nc5 16. Bxc5 dxc5 17. Bb5 Bd7 18. Bxd7 Nxd7 19. Nd2 b5 20. Rfd1 Rfc8 21. b3 axb3 22. Qxb3 c4 23. Qxb5 c3 24. Nf1 c2 25.
Rdc1 Rxa3 26. Rxa3 Qxa3 27. Qxd7 1-0

[Event "Early-Titled-Tuesday-Blitz-May-07-2024"]
[Site "Chess.com"]
[Date "2024.05.07"]
[Round "6"]
[White "LyonBeast"]
[Black "kleinebeer98"]
[Result "0-1"]
[WhiteElo "3117"]
[BlackElo "2945"]
[TimeControl "180+1"]
[EndTime "9:08:52 PDT"]
[Termination "kleinebeer98 won by resignation"]

1. e4 e5 2. Nf3 Nc6 3. Bb5 f5 4.
Nc3 fxe4 5. Nxe4 Nf6 6. Qe2 d5 7. Nxf6+ gxf6 8. Nd4 Qd6 9. Qh5+ Kd8 10. Nxc6+ bxc6 11. Be2 Be6 12. Qh4 Rg8 13. O-O Be7 14. d4 Kd7 15. Re1 Rg6 16. c3 Rag8 17. g3 R8g7 18.
Bh5 Rg4 19. Bxg4 Rxg4 20. Qxh7 e4 21. Be3 f5 22. Qh6 Bf8 23. Qh7+ Kc8 24. f4 exf3 25.
Bf2 f4 26. Red1 fxg3 27. hxg3 Rxg3+ 28. Kf1 Rh3 29. Qg6 Rh1+ 0-1

[Event "Early-Titled-Tuesday-Blitz-May-07-2024"]
[Site "Chess.com"]
[Date "2024.05.07"]
[Round "6"]
[White "svilson23"]
[Black "DenisQ"]
[Result "0-1"]
[WhiteElo "2310"]
[BlackElo "2715"]
[TimeControl "180+1"]
[EndTime "9:09:10 PDT"]
[Termination "DenisQ won by checkmate"]

1. d4 d5 2. Bg5 Bf5 3. e3 h6 4.
Bh4 Nd7 5. Bd3 Bxd3 6. Qxd3 Ngf6 7. Nd2 e6 8. Ngf3 Be7 9. O-O O-O 10. h3 c5 11. c3 Rc8 12. Rfe1 a6 13. dxc5 Nxc5 14.
Qd4 Nfe4 15. Bxe7 Qxe7 16. b4 Nxd2 17. Nxd2 Na4 18. Rac1 Qf6 19. Qxf6 gxf6 20. c4 dxc4 21. Nxc4 Rfd8 22. Kf1 b5 23. Na5 Rxc1 24. Rxc1 Rd2 25. Rc6 Rxa2 26. Rxa6 Nc3 27. Rb6 Ra1# 0-1

[Event "Early-Titled-Tuesday-Blitz-May-07-2024"]
[Site "Chess.com"]
[Date "2024.05.07"]
[Round "6"]
[White "sokidze"]
[Black "bazar-wokzal"]
[Result "0-1"]
[WhiteElo "2800"]
[BlackElo "2589"]
[TimeControl "180+1"]
[EndTime "9:09:16 PDT"]
[Termination "bazar-wokzal won on time"]

1. d4 Nf6 2. Nf3 e6 3. g3 b5 4.
Bg2 Bb7 5. O-O c5 6. c3 Na6 7. Bg5 Be7 8. Bxf6 Bxf6 9. Qd3 Qb6 10. e4 O-O 11. Na3 b4 12. Nc4 Qc7 13. d5 exd5 14.
exd5 d6 15. Nfd2 bxc3 16. bxc3 Qd8 17. Rab1 Rb8 18. Rb5 Nc7 19. Rb3 Ba6 20. Rxb8 Qxb8 21. Rb1 Qa8 22. a4 Rb8 23. Re1 Re8 24. Ra1 Qd8 25.
h4 Qd7 0-1

[Event "Early-Titled-Tuesday-Blitz-May-07-2024"]
[Site "Chess.com"]
[Date "2024.05.07"]
[Round "6"]
[White "subham777"]
[Black "Darko-Dimitrijevic"]
[Result "1-0"]
[WhiteElo "2483"]
[BlackElo "2239"]
[TimeControl "180+1"]
[EndTime "9:09:16 PDT"]
[Termination "subham777 won by resignation"]

1. e4 g6 2. g3 b6 3. Bg2 Bb7 4. Ne2 Bg7 5. O-O e6 6. d4 Ne7 7. c4 d6 8. Nbc3 Nd7 9. Be3 O-O 10. Qd2 a6 11. f4 Qc8 12. g4 f5 13. g5 fxe4 14.
Nxe4 d5 15. cxd5 Nxd5 16. N2c3 Nxe3 17. Qxe3 Kh8 18. Kh1 Rb8 19. Rae1 Re8 20. Kg1 b5 21. h4 Nb6 22. b3 Nd5 23. Qd2 Qd8 24. Rd1 Rf8 25.
Nxd5 Qxd5 26. Nc5 Qxg2+ 27. Qxg2 Bxg2 28. Kxg2 Rb6 29. Nd7 Rd8 30. Nxb6 cxb6 31. Rfe1 Rd6 32. d5 Bc3 33. Rxe6 1-0

[Event "Early-Titled-Tuesday-Blitz-May-07-2024"]
[Site "Chess.com"]
[Date "2024.05.07"]
[Round "6"]
[White "JaackCamel"]
[Black "stratacticos"]
[Result "0-1"]
[WhiteElo "2225"]
[BlackElo "1846"]
[TimeControl "180+1"]
[EndTime "9:09:17 PDT"]
[Termination "stratacticos won by resignation"]

1. d4 Nf6 2. c4 c5 3. d5 b5 4. cxb5 a6 5. bxa6 e6 6. Nc3 Nxd5 7. Nxd5 exd5 8. Qxd5 Nc6 9. e4 Be7 10. Nf3 O-O 11. Bc4 Bxa6 12. O-O Nb4 13. Qh5 Bxc4 14. Rd1 Be2 15. Rd2 Bxf3 16. Qxf3 Nxa2 17. h3 Nxc1 18. Rxc1 Bg5 19. Rcd1 Bxd2 20. Rxd2 Qc7 21. g3 Rfe8 22. Rd5 Ra1+ 23. Kg2 Re1 24. Qf5 Qc6 25. f3 Re2+ 26. Kg1 Qa4 27. Qxd7 Qxd7 28. Rxd7 Rxb2 29. Rc7 Rc2 30.
h4 Ra8 0-1

[Event "Early-Titled-Tuesday-Blitz-May-07-2024"]
[Site "Chess.com"]
[Date "2024.05.07"]
[Round "6"]
[White "Skatchkov_V"]
[Black "masterofpuppets2"]
[Result "0-1"]
[WhiteElo "2616"]
[BlackElo "2486"]
[TimeControl "180+1"]
[EndTime "9:09:21 PDT"]
[Termination "masterofpuppets2 won by resignation"]

1. d4 d5 2. c4 e6 3. Nf3 Nf6 4. g3 Be7 5. Bg2 O-O 6. Nc3 dxc4 7. Ne5 c5 8. dxc5 Qc7 9. Nxc4 Qxc5 10. b3 Nc6 11.
O-O Rd8 12. Ba3 Rxd1 13. Raxd1 Nb4 14. Na4 Qb5 15. Nd6 Bxd6 16. Rxd6 Bd7 17. Rc1 Bc6 18. Bf1 Qa5 19. Rc5 b5 20. Bxb4 Qxb4 21. Rdxc6 h5 22.
Nc3 a6 23. Bg2 Rd8 24. Rxa6 Qxc5 0-1

[Event "Early-Titled-Tuesday-Blitz-May-07-2024"]
[Site "Chess.com"]
[Date "2024.05.07"]
[Round "6"]
[White "emeli_chess"]
[Black "Sadykov_Ramil"]
[Result "1-0"]
[WhiteElo "2431"]
[BlackElo "2585"]
[TimeControl "180+1"]
[EndTime "9:09:23 PDT"]
[Termination "emeli_chess won by resignation"]

1. d4 g6 2. c4 Bg7 3. Nc3 c5 4. d5 Bxc3+ 5. bxc3 d6 6. e4 e5 7. dxe6 Bxe6 8. Nf3 Nc6 9. Bf4 Qf6 10. Qd2 O-O-O 11.
Bg5 Qg7 12. Bxd8 Nxd8 13. Be2 Nc6 14. O-O Nge7 15. Qxd6 Qxc3 16. Qxc5 Kb8 17. Rfd1 Ka8 18. Rac1 Qb2 19. Qe3 Qxa2 20. Nd4 Rc8 21. Nb5 a6 22. Ra1 Qb2 23. Rdb1 Qe5 24. Qb6 Qxe4 25. Nd6 1-0

[Event "Early-Titled-Tuesday-Blitz-May-07-2024"]
[Site "Chess.com"]
[Date "2024.05.07"]
[Round "6"]
[White "DanielNaroditsky"]
[Black "vaishali2001"]
[Result "1-0"]
[WhiteElo "3062"]
[BlackElo "2693"]
[TimeControl "180+1"]
[EndTime "9:09:24 PDT"]
[Termination "DanielNaroditsky won by resignation"]

1. e4 c6 2. d4 d5 3. exd5 cxd5 4. Nf3 Nc6 5. Bb5 e6 6. c4 Nf6 7. Nc3 Be7 8. Ne5 Bd7 9. Bxc6 Bxc6 10. O-O dxc4 11.
Nxc6 bxc6 12. Qa4 O-O 13. Qxc4 Rc8 14. Be3 Nd5 15. Rac1 Qa5 16. a3 Qb6 17. Nxd5 exd5 18. Qe2 Bd6 19. Rc2 Rfe8 20. Rfc1 Re6 21. g3 Bb8 22. b4 Rce8 23. Qd3 h5 24. Rc3 h4 25.
Kg2 Qb7 26. Qf5 Qb5 27. Qh5 hxg3 28. hxg3 Rg6 29. Rh1 Kf8 30. Bg5 Rxg5 31. Qxg5 Kg8 32. Qh5 1-0

[Event "Early-Titled-Tuesday-Blitz-May-07-2024"]
[Site "Chess.com"]
[Date "2024.05.07"]
[Round "6"]
[White "ViralduS"]
[Black "thesupera12"]
[Result "0-1"]
[WhiteElo "2626"]
[BlackElo "2460"]
[TimeControl "180+1"]
[EndTime "9:09:24 PDT"]
[Termination "thesupera12 won on time"]

1. e4 d6 2. d4 f5 3. Nc3 Nf6 4. exf5 Bxf5 5. Bd3 Bxd3 6. Qxd3 g6 7. Nf3 Bg7 8. Ng5 Qd7 9. d5 O-O 10. Ne6 Rf7 11. Be3 c6 12. Nxg7 Kxg7 13. O-O-O cxd5 14. Nxd5 Nxd5 15. Qxd5 Nc6 16. f3 Rc8 17. h4 Qf5 18. c3 Qxd5 19. Rxd5 Rf5 20. Rhd1 Rxd5 21. Rxd5 Kf7 22. Kd2 Ke6 23. Rg5 b6 24. Kc2 Ne5 25.
Bd4 Nf7 26. Rg4 Kf5 27. Kd3 e5 28. Be3 d5 29. Ra4 Rc7 30. g4+ Ke6 31. Rb4 Nd6 32. b3 Ne8 33. a4 Nf6 34. a5 bxa5 0-1

[Event "Early-Titled-Tuesday-Blitz-May-07-2024"]
[Site "Chess.com"]
[Date "2024.05.07"]
[Round "6"]
[White "klercaku"]
[Black "kanzaww"]
[Result "1-0"]
[WhiteElo "2263"]
[BlackElo "2495"]
[TimeControl "180+1"]
[EndTime "9:09:24 PDT"]
[Termination "klercaku won by resignation"]

1. e4 e5 2. Nf3 Nc6 3. d4 exd4 4.
Nxd4 Bc5 5. Be3 Qf6 6. c3 Nge7 7. Be2 d5 8. O-O Bb6 9. Nb5 Bxe3 10. Nxc7+ Kd8 11. fxe3 Qe5 12. Nxa8 Qxe4 13. Qd3 Qe6 14.
Nd2 Bd7 15. e4 Ne5 16. Qe3 N7c6 17. exd5 Qxd5 18. Nf3 Re8 19. Rad1 Nxf3+ 20. Qxf3 Qc5+ 21. Kh1 f6 22. Qh5 Qxh5 23. Bxh5 Re4 24. Bf3 Re5 25. Bg4 f5 26. Bxf5 1-0

[Event "Early-Titled-Tuesday-Blitz-May-07-2024"]
[Site "Chess.com"]
[Date "2024.05.07"]
[Round "6"]
[White "H3nriqueTV"]
[Black "Ural_bogatyr"]
[Result "0-1"]
[WhiteElo "2426"]
[BlackElo "2573"]
[TimeControl "180+1"]
[EndTime "9:09:26 PDT"]
[Termination "Ural_bogatyr won by resignation"]

1. e4 e5 2. Nf3 Nc6 3. Bb5 a6 4. Ba4 Nf6 5. O-O Nxe4 6. Re1 Nc5 7. Bxc6 dxc6 8. Nxe5 Ne6 9. c3 Be7 10. d4 O-O 11. Nd2 f6 12. Nef3 Re8 13. Qb3 Bd6 14. Ne4 a5 15. a4 Kh8 16. Bd2 Nf8 17.
Bh6 Be6 18. Bxg7+ Kxg7 19. Qxb7 Bd5 20. Ng3 Qd7 21. Nh4 Reb8 22. Nhf5+ Kh8 23. Nxd6 Qxd6 24.
Nf5 Qd7 25. Re7 Rxb7 26. Rxd7 Nxd7 0-1

[Event "Early-Titled-Tuesday-Blitz-May-07-2024"]
[Site "Chess.com"]
[Date "2024.05.07"]
[Round "6"]
[White "andrew-blr"]
[Black "tantaan"]
[Result "1-0"]
[WhiteElo "2607"]
[BlackElo "2483"]
[TimeControl "180+1"]
[EndTime "9:09:30 PDT"]
[Termination "andrew-blr won by resignation"]

1. d4 Nf6 2. Nf3 e6 3. Nbd2 c5 4. e3 Nc6 5. c3 d5 6. Bd3 Bd6 7. O-O O-O 8. dxc5 Bxc5 9. e4 dxe4 10. Nxe4 Nxe4 11. Bxe4 Qxd1 12. Rxd1 f5 13. Bxc6 bxc6 14. Ne5 Bb6 15. Nxc6 Bb7 16. Ne5 h6 17. Be3 Bxe3 18.
fxe3 Rfd8 19. Rd4 Rxd4 20. exd4 g5 21. b4 Rc8 22. c4 Kg7 23. a4 Be4 24. b5 Rd8 25.
Rd1 Bc2 26. Rd2 Bxa4 27. Ra2 Bb3 28. Rxa7+ Kg8 29. b6 Bc2 30. Nc6 1-0

[Event "Early-Titled-Tuesday-Blitz-May-07-2024"]
[Site "Chess.com"]
[Date "2024.05.07"]
[Round "6"]
[White "cycygogne"]
[Black "Supergiuly"]
[Result "0-1"]
[WhiteElo "2169"]
[BlackElo "2347"]
[TimeControl "180+1"]
[EndTime "9:09:30 PDT"]
[Termination "Supergiuly won by resignation"]

1. e4 b6 2. d4 Bb7 3. Bd3 g6 4. Nf3 Bg7 5. O-O e6 6. c3 Ne7 7. Be3 Kf8 8. Qd2 Ke8 9. Bh6 Rg8 10. Bxg7 Rxg7 11. Qh6 Kf8 12. Ng5 Kg8 13. f4 f5 14.
e5 Nd5 15. Rf3 Qe7 16. Nd2 c5 17. Raf1 cxd4 18. cxd4 Qb4 19. R1f2 Qxd4 20. Nxh7 Nc6 21. Nb3 Qa4 22. Rh3 Nd8 23. Ng5 Nf7 24. Nh7 Nxh6 25. Nf6+ Nxf6 26. exf6 Rh7 0-1

[Event "Early-Titled-Tuesday-Blitz-May-07-2024"]
[Site "Chess.com"]
[Date "2024.05.07"]
[Round "6"]
[White "andrzej"]
[Black "profedechess93"]
[Result "1-0"]
[WhiteElo "2459"]
[BlackElo "2621"]
[TimeControl "180+1"]
[EndTime "9:09:33 PDT"]
[Termination "andrzej won by resignation"]

1. e4 e6 2. d4 d5 3. Nc3 Nf6 4. e5 Nfd7 5. f4 c5 6. Nf3 Nc6 7. Be3 a6 8. a3 b5 9. Bd3 Qb6 10. O-O cxd4 11. Bf2 b4 12. Na4 Qc7 13. axb4 Nxb4 14.
Bxd4 g6 15. c3 Nxd3 16. Qxd3 a5 17. Qe3 Ba6 18. Rf2 h5 19. Nb6 Rb8 20. Nxd5 Qc6 21. Nf6+ Nxf6 22. exf6 Bd6 23. Rxa5 O-O 24. Ne5 Qc8 25.
f5 Kh7 26. fxg6+ fxg6 27. Nxg6 1-0

[Event "Early-Titled-Tuesday-Blitz-May-07-2024"]
[Site "Chess.com"]
[Date "2024.05.07"]
[Round "6"]
[White "Anu-triz"]
[Black "Lily_Schirmbeck"]
[Result "1-0"]
[WhiteElo "2276"]
[BlackElo "1657"]
[TimeControl "180+1"]
[EndTime "9:09:33 PDT"]
[Termination "Anu-triz won by checkmate"]

1. e4 c6 2. d4 d5 3. Nc3 dxe4 4. Nxe4 Nf6 5. Nxf6+ exf6 6. c3 Bd6 7. Bd3 O-O 8. Ne2 Re8 9. O-O Bg4 10. Qc2 h6 11. Ng3 Qc7 12. h3 Be6 13. Ne4 Nd7 14. Nxd6 Qxd6 15. Bd2 c5 16. Be3 cxd4 17. Bxd4 Ne5 18.
Rad1 Nxd3 19. Rxd3 Bf5 20. Rfd1 Bxd3 21. Qxd3 Rad8 22. Qf3 Re7 23. Qg4 Red7 24. Re1 Qa6 25. a3 Kh8 26. Re3 Qb5 27. Rg3 Qg5 28. Qe4 Qc1+ 29.
Kh2 Rd5 30. Qe7 R8d7 31. Qf8+ Kh7 32. Qxg7# 1-0

[Event "Early-Titled-Tuesday-Blitz-May-07-2024"]
[Site "Chess.com"]
[Date "2024.05.07"]
[Round "6"]
[White "kachsona"]
[Black "Grandelicious"]
[Result "0-1"]
[WhiteElo "2635"]
[BlackElo "2902"]
[TimeControl "180+1"]
[EndTime "9:09:36 PDT"]
[Termination "Grandelicious won on time"]

1. b3 e5 2. Bb2 Nc6 3. e4 Nf6 4. Nc3 Bc5 5. h3 d5 6. exd5 Nxd5 7. Nf3 O-O 8. Nxd5 Qxd5 9. Bc4 Qd6 10. O-O e4 11. Ng5 Qg6 12. d4 Qxg5 13. h4 Qg6 14.
dxc5 Bh3 15. g3 Rad8 16. h5 Qf5 17. Qe2 Bg4 18. Qe3 Qxh5 19. Qf4 Nd4 20. Bxd4 Rxd4 0-1

[Event "Early-Titled-Tuesday-Blitz-May-07-2024"]
[Site "Chess.com"]
[Date "2024.05.07"]
[Round "6"]
[White "AccioChess"]
[Black "Mrlammy"]
[Result "1/2-1/2"]
[WhiteElo "2450"]
[BlackElo "2584"]
[TimeControl "180+1"]
[EndTime "9:09:36 PDT"]
[Termination "Game drawn by repetition"]

1. Nf3 d5 2. g3 g6 3. Bg2 Bg7 4.
O-O e5 5. c4 dxc4 6. Qa4+ Nc6 7. Qxc4 Nge7 8. Nc3 O-O 9. d3 h6 10. Be3 Be6 11. Qa4 Qd7 12. Rac1 a6 13. Nd2 Nd5 14. Nde4 Nxe3 15. fxe3 Qe7 16. Qa3 Qxa3 17. bxa3 Rab8 18. Nc5 Nd8 19. Rb1 c6 20. Nxa6 Ra8 21. Nc5 Rxa3 22. Nxe6 Nxe6 23. Rb3 Rfa8 24. Rfb1 Nc5 25. Rxa3 Rxa3 26.
Ne4 Bf8 27. Nxc5 Bxc5 28. Rxb7 Bxe3+ 29. Kf1 Rxa2 30. Bxc6 Ra7 31. Rxa7 Bxa7 32. e4 Kg7 33. Ke2 Kf6 34. Kf3 Bd4 35. h4 Bb6 36. Bd5 Bd4 37. Bc4 Bb6 38. Bd5 Bd4 39. Bc4 Ba7 40. Bd5 Bd4 1/2-1/2

[Event "Early-Titled-Tuesday-Blitz-May-07-2024"]
[Site "Chess.com"]
[Date "2024.05.07"]
[Round "6"]
[White "Caroexpert"]
[Black "IriBu"]
[Result "1-0"]
[WhiteElo "2675"]
[BlackElo "2586"]
[TimeControl "180+1"]
[EndTime "9:09:41 PDT"]
[Termination "Caroexpert won by resignation"]

1. d4 Nf6 2. Nf3 g6 3. c4 Bg7 4.
Nc3 d6 5. e4 O-O 6. Be2 e5 7.
O-O Nc6 8. d5 Ne7 9. b4 a5 10.
Ba3 axb4 11. Bxb4 Nh5 12. c5 f5 13. Nd2 Nf4 14. cxd6 cxd6 15. Nc4 Ra6 16. Nb5 Rf6 17. Ncxd6 Nxe2+ 18. Qxe2 Rfxd6 19. Nxd6 Rxd6 20. Bxd6 Qxd6 21. Rfc1 Bd7 22. f3 Bh6 23. Rc2 fxe4 24. fxe4 Qb6+ 25. Kh1 Nc8 26. Rb2 Qc7 27. Rab1 Nd6 28. Rc2 Qa5 29. Qe1 Qa4 30. Rc7 Bb5 31. Qh4 Qxe4 32. Qxe4 Nxe4 33.
Rxb5 Be3 34. Rbxb7 1-0

[Event "Early-Titled-Tuesday-Blitz-May-07-2024"]
[Site "Chess.com"]
[Date "2024.05.07"]
[Round "6"]
[White "Lady_Nika"]
[Black "AnaKuchava"]
[Result "1-0"]
[WhiteElo "2483"]
[BlackElo "2207"]
[TimeControl "180+1"]
[EndTime "9:09:43 PDT"]
[Termination "Lady_Nika won on time"]

1. g4 d5 2. h3 e5 3. d4 exd4 4.
Qxd4 Nc6 5. Qd1 Bc5 6. e3 Qh4 7. Qxd5 Bd6 8. Nf3 Qe7 9. Bg2 Be6 10. Qb5 Bd7 11. Nc3 Nf6 12. Bd2 O-O 13. O-O-O a6 14. Qe2 b5 15. g5 Ne4 16. Nxe4 Qxe4 17. Rhg1 Bf5 18. Ne1 Qe8 19. e4 Be6 20. Kb1 Nd4 21.
Qd3 Bc5 22. f4 Bc4 23. Qe3 Nxc2 24. Qxc5 Nxe1 25. Rgxe1 Bd3+ 26. Ka1 Qe6 27. e5 Qf5 28. Bxa8 Rxa8 29. Bc3 Rd8 30. Rd2 1-0

[Event "Early-Titled-Tuesday-Blitz-May-07-2024"]
[Site "Chess.com"]
[Date "2024.05.07"]
[Round "6"]
[White "Doublekk14"]
[Black "Gryffindorac8"]
[Result "0-1"]
[WhiteElo "2350"]
[BlackElo "2524"]
[TimeControl "180+1"]
[EndTime "9:09:47 PDT"]
[Termination "Gryffindorac8 won on time"]

1. c4 Nf6 2. Nc3 c5 3. Nf3 e6 4.
e3 d5 5. d4 Nc6 6. Be2 Be7 7.
O-O O-O 8. b3 cxd4 9. exd4 b6 10.
Bf4 Bb7 11. h3 Rc8 12. Qd2 dxc4 13. bxc4 Na5 14. Ne5 Nd7 15. c5 Nxe5 16. Bxe5 bxc5 17. Nb5 Nc6 18. Rad1 a6 19. Na3 cxd4 0-1

[Event "Early-Titled-Tuesday-Blitz-May-07-2024"]
[Site "Chess.com"]
[Date "2024.05.07"]
[Round "6"]
[White "rikchessmx"]
[Black "Aklan10n"]
[Result "0-1"]
[WhiteElo "2381"]
[BlackElo "2224"]
[TimeControl "180+1"]
[EndTime "9:09:47 PDT"]
[Termination "Aklan10n won by checkmate"]

1. e4 c5 2. Nf3 Nc6 3. d4 cxd4 4. Nxd4 Qb6 5. Nb3 g6 6. Nc3 Bg7 7. Be3 Qd8 8. f4 Nh6 9. g4 d5 10. exd5 Bxg4 11. Qd2 Nb8 12. h3 Bh5 13. Bb5+ Nd7 14.
Nc5 O-O 15. Nxd7 a6 16. Nxf8 axb5 17. Nxh7 Kxh7 18. O-O Nf5 19. a3 Qd7 20. Rae1 Nh4 21. Kh2 Nf3+ 22. Rxf3 Bxf3 23. Bd4 Bh6 24. Be3 Rd8 25.
f5 Qd6+ 26. Kg1 Qg3+ 27. Kf1 Qxh3+ 28. Kg1 Qh1+ 29. Kf2 Qg2# 0-1